 Dungeon Crawl Stone Soup version 0.31-a0-846-gb3bcc0d938 (webtiles) character file.

Game seed: 10217881632474525338

56 Execuda the Cudgeller (level 3, -3/23 HPs)
             Began as a Gargoyle Reaver on Oct 4, 2023.
             Killed from afar by Sigmund (9 damage)
             ... with a magic dart
             ... on level 2 of the Dungeon.
             The game lasted 00:01:08 (1396 turns).

Execuda the Cudgeller (Gargoyle Reaver)             Turns: 1396, Time: 00:01:08

Health: -3/23      AC: 14    Str: 17    XL:     3   Next: 95%
Magic:  6/6        EV:  7    Int: 13    God:
Gold:   81         SH:  0    Dex:  8    Spells: 5/6 levels left

rFire   . . .        a - +0 mace
rCold   . . .        (no shield)
rNeg    + . .        f - +0 chain mail
rPois   ∞            (no helmet)
rElec   +            (no cloak)
rCorr   .            c - +2 pair of gloves
SInv    .            (no boots)
Will    .....        (no amulet) Stlth
                     (no ring)
HPRegen 0.23/turn    (no ring)
MPRegen 0.10/turn

%: no passive effects
@: attractive
A: sickness immunity, AC +3, negative energy resistance 1, electricity
resistance, torment resistance 1, petrification resistance
a: no special abilities


You were on level 2 of the Dungeon.
You visited 1 branch of the dungeon, and saw 2 of its levels.

You collected 81 gold pieces.

Inventory:

Hand Weapons
 a - a +0 mace (weapon)
Armour
 c - a +2 pair of gloves (worn)
 f - a +0 chain mail (worn)
Scrolls
 d - 3 scrolls of teleportation {unknown}
 e - 2 scrolls of noise {unknown}
 g - 2 scrolls of brand weapon {unknown}
 h - a scroll of enchant weapon {unknown}
 i - a scroll of amnesia {unknown}
 j - a scroll of fog {unknown}
 k - 2 scrolls of identify {unknown}


   Skills:
 + Level 3.1 Fighting
 * Level 4.2 Maces & Flails
 - Level 1.5 Dodging
 - Level 2.0 Spellcasting
 - Level 3.2 Conjurations


You had 5 spell levels left.
You knew the following spells:

 Your Spells              Type           Power      Damage    Failure   Level
a - Kiss of Death         Conj/Necr      20%        2d7       86%         1

Your spell library contained the following spells:

 Spells                   Type           Power      Damage    Failure   Level
 Momentum Strike          Conj/Tloc      10%        3d8       94%         2
 Hailstorm                Conj/Ice       5%         3d4       99%         3


Dungeon Overview and Level Annotations

Branches:
Dungeon (2/15)

Altars:

Annotations:
D:2 Sigmund


Innate Abilities, Weirdness & Mutations

You are immune to sickness and miasma.
Your stone body is resilient. (AC +3)
You are immune to poison.
You resist negative energy. (rN+)
You are resistant to electric shocks. (rElec)
You are resistant to unholy torment.
You are immune to petrification.


Message History

You barely miss something. Something hits you.
You hit something.
Sigmund appears from thin air!
Reactivating autopickup.
Sigmund barely misses you.
You hit Sigmund but do no damage.
Sigmund is severely wounded.
You barely miss Sigmund.
Sigmund is severely wounded.
Sigmund points at you and mumbles some strange words.
You are confused.
Sigmund points at you and mumbles some strange words.
The magic dart hits you.
You're too confused to attack without stumbling around!
You're too confused to attack without stumbling around!
You closely miss Sigmund.
Sigmund is severely wounded.
Sigmund hits you with a +0 scythe.
* * * LOW HITPOINT WARNING * * *
You bump into the rock wall.
You bump into the rock wall.
Sigmund gestures wildly while chanting.
Sigmund flickers and vanishes!
Deactivating autopickup; reactivate with Ctrl-A.
Something hits you but does no damage. Something hits you but does no damage.
You see here a giant cockroach corpse.
You bump into the rock wall.
You feel less confused.
You hit something. Something hits you but does no damage.
It was a potion of attraction.
You feel attractive to monsters.
You hear some strange, mumbled words.
Something tries to affect you, but you resist.
You barely miss something. Something hits you but does no damage.
You barely miss something. Something hits you but does no damage.
You barely miss something.
You hear some strange, mumbled words.
A magic dart appears from out of thin air!
The magic dart hits you!
You die...

#..(...)...#.# ...
#............####.
#######.[#...#8#
##.##....#
#..##...# .#
##.##.#########.##.
#.#### ##..{......
#.# ##..........
#@## #...........
#{.## #......?....
##..###...........
##.#.............
#...#...........
#####...........
##..........
##.....#... #######
##


There were no monsters in sight!

Vanquished Creatures
  An adder (D:2)
  3 dart slugs (D:1)
  6 bats
  6 endoplasms
  4 giant cockroaches
  A hobgoblin (D:1)
  2 jackals (D:1)
  A kobold (D:1)
  A quokka (D:1)
  3 ball pythons
  6 frilled lizards
  2 goblins (D:2)
  4 rats
40 creatures vanquished.

Notes
Turn   | Place    | Note
-------+----------+-------------------------------------------
     0 | D:1      | Execuda the Gargoyle Reaver began the quest for the Orb.
     0 | D:1      | Reached XP level 1. HP: 12/12 MP: 3/3
   188 | D:1      | Reached XP level 2. HP: 12/18 MP: 5/5
   460 | D:1      | Reached XP level 3. HP: 14/22 MP: 6/6
   989 | D:2      | Reached skill level 4 in Maces & Flails
  1350 | D:2      | Noticed Sigmund
  1396 | D:2      | Killed from afar by Sigmund

Illustrated notes

Levels and vault maps discovered:
D:1:      ebering_hopf_link, layout_loops_ring, minmay_cut_off
D:2:      layout_rooms, shapermc_ecumenical_altar_mp_vishouse, uniq_sigmund

Skill      XL: |  1  2  3 |
---------------+----------+-----
Maces & Flails | 4 |  4.2
Fighting       | 3 |  3.1
Dodging        | |  1.5
Spellcasting   | |  2.0
Conjurations   | |  3.2

Action                     || total
---------------------------++-------
  Melee: Mace              ||   143
    Use: Potion            ||     1
 Armour: Leather armour    ||    16
         Chain mail        ||   126
  Dodge: Dodged            ||    73

Table legend: (Time is in decaauts)
 A = Elapsed time spent in this place.
 B = Non-inter-level travel time spent in this place.
 C = Inter-level travel time spent in this place.
 D = Time resting spent in this place.
 E = Time spent auto-exploring this place.
 F = Levels seen in this place.
 G = Mean time per level.
                   A        B        C        D        E       F      G
               +--------+--------+--------+--------+--------+-----+--------+
         Total |   1430 |   1393 |     37 |    227 |    815 |   2 |  715.0 |
       Dungeon |   1430 |   1393 |     37 |    227 |    815 |   2 |  715.0 |
               +--------+--------+--------+--------+--------+-----+--------+

Top non-repeatable levels by time:
     D:1: 924 daAuts
     D:2: 505 daAuts
